Map: [TLMC15] Berlingrad

Players

TIME (Oliveira)

  • Race: Terran Terran

DRG - Winner!

  • Race: Zerg Zerg

Event: DreamHack SC2 Masters Last Chance 2022

VOD

Have the link to the VOD?

Description

Time

  • Played on: Jan. 15, 2022, 11:06 a.m.
  • Length: 19:59

All games in this series

Show
View Real Time Build Order
Export as new Build Order

TIME Terran 

Build Orders: Liberator Opening, Reaper Expand 

Get SALT Encoding   

  12  0:00  SCV  
  13  0:12  SCV  
  14  0:18  Supply Depot  
  14  0:25  SCV  
  15  0:39  SCV  
  15  0:40  Barracks  
  16  0:44  Refinery  
  16  0:51  SCV  
  17  1:03  SCV  
  18  1:15  SCV  
  19  1:27  Reaper  
  19  1:28  Orbital Command  
  20  1:39  Command Center  
  20  1:47  Supply Depot  
  20  1:53  SCV  
  21  1:59  Marine  
  22  2:07  SCV  
  23  2:10  Factory  
  23  2:16  Refinery  
  23  2:19  SCV  
  23  2:22  Barracks Reactor  
  24  2:32  SCV  
  25  2:44  SCV  
  26  2:51  Orbital Command  
  26  2:56  Starport, SCV  
  27  3:03  Hellion x2  
  31  3:08  SCV  
  31  3:12  Marine  
  33  3:16  SCV  
  34  3:20  SCV  
  34  3:24  Hellion x2  
  34  3:25  Supply Depot  
  39  3:28  SCV  
  39  3:32  SCV  
  39  3:33  Barracks Tech Lab  
  39  3:34  Liberator  
  44  3:42  SCV  
  44  3:46  SCV  
  44  3:48  Hellion x2, Supply Depot  
  50  3:52  Marauder  
  50  3:53  Concussive Shells  
  52  3:55  SCV  
  52  3:58  SCV  
  54  4:05  Supply Depot  
  58  4:10  Hellion x2  
  58  4:13  Marauder  
  58  4:17  Medivac  
  62  4:21  Armory  
  62  4:27  SCV x2  
  62  4:29  Supply Depot  
  64  4:36  Marauder  
  66  4:39  SCV  
  66  4:41  Hellion  
  69  4:47  SCV  
  69  4:51  Hellion, Command Center  
  72  4:53  SCV  
  73  5:01  SCV  
  73  5:04  Hellion  
  76  5:12  Hellion  
  78  5:16  SCV  
  78  5:19  SCV  
  74  5:23  Hellion  
  74  5:24  Hellion  
  74  5:27  Stimpack, Marine  
  69  5:29  SCV, Barracks  
  69  5:30  Barracks  
  69  5:31  SCV  
  69  5:35  Starport Reactor  
  70  5:40  Refinery  
  70  5:41  SCV, Engineering Bay  
  70  5:42  Refinery  
  67  5:43  SCV  
  67  5:44  Factory Tech Lab  
  67  5:48  Marine  
  69  5:51  Barracks  
  69  5:52  Barracks  
  69  5:53  SCV  
  69  5:55  SCV  
  71  5:59  Engineering Bay  
  71  6:03  Orbital Command  
  71  6:05  SCV  
  71  6:06  Siege Tank, Marine  
  71  6:09  SCV  
  71  6:10  Terran Infantry Weapons Level 1  
  77  6:15  Supply Depot  
  77  6:20  SCV  
  77  6:25  SCV, Starport Reactor  
  79  6:28  Terran Infantry Armor Level 1  
  79  6:29  Marine  
  79  6:30  Marine x3  
  79  6:32  SCV, Orbital Command  
  85  6:37  SCV  
  85  6:40  Barracks Reactor x2  
  85  6:43  Marine  
  85  6:44  SCV  
  85  6:46  Supply Depot, Siege Tank  
  90  6:49  SCV  
  90  6:51  Command Center, Marine  
  90  6:52  Marine  
  90  6:53  Marine x2  
  95  6:57  SCV x2  
  97  7:01  Marine  
  97  7:03  Medivac  
  97  7:04  SCV  
  97  7:07  Combat Shield  
  97  7:08  Medivac  
  103  7:09  Supply Depot, Marine  
  103  7:10  Marine  
  103  7:11  Supply Depot, Marine x2  
  103  7:14  SCV x2  
  109  7:30  SCV x2, Siege Tank, Marine x2  
  109  7:31  Refinery  
  109  7:32  SCV, Refinery  
  117  7:37  Factory  
  117  7:39  Supply Depot  
  117  7:40  Supply Depot  
  117  7:42  Marine x3  
  117  7:43  SCV x2  
  122  7:44  SCV  
  122  7:49  Marine  
  124  7:52  Terran Vehicle Weapons Level 1  
  124  7:54  Marine  
  125  8:00  SCV x2  
  125  8:02  Marine x2  
  125  8:04  Marine x2  
  125  8:05  Factory, SCV  
  132  8:08  Marine  
  132  8:09  Sensor Tower  
  132  8:10  Supply Depot x2, Siege Tank  
  132  8:12  Marine x2  
  137  8:15  SCV x2  
  137  8:17  Marine x2  
  141  8:20  Terran Infantry Weapons Level 2  
  141  8:21  Factory Tech Lab  
  141  8:24  Medivac, Marine  
  141  8:25  Marine  
  145  8:29  Marine  
  145  8:32  SCV x3  
  148  8:35  Planetary Fortress  
  148  8:36  Marine  
  148  8:39  Marine x3  
  148  8:40  Siege Tank  
  155  8:42  Siege Tank  
  155  8:45  SCV x2  
  155  8:46  SCV  
  161  8:51  Factory Reactor  
  161  8:53  Barracks  
  161  8:54  Marine x2  
  161  8:55  Barracks x2  
  163  8:57  SCV x2  
  163  8:58  SCV  
  163  9:02  Supply Depot  
  166  9:03  Supply Depot x2, Terran Infantry Armor Level 2  
  166  9:09  SCV x2  
  168  9:15  Command Center  
  168  9:17  Siege Tank  
  168  9:23  Siege Tank  
  174  9:27  Drilling Claws  
  174  9:29  Widow Mine x2  
  174  9:30  Liberator  
  174  9:31  Medivac  
  183  9:37  SCV  
  184  9:41  Command Center  
  184  9:43  Refinery x2  
  181  9:54  Marine x2  
  181  9:55  Barracks Tech Lab x2  
  181  9:56  Terran Vehicle Weapons Level 2, Barracks Tech Lab  
  181  9:57  Ghost Academy  
  183  10:02  Missile Turret x2  
  183  10:05  Sensor Tower, Command Center  
  183  10:12  Siege Tank x2  
  183  10:14  Widow Mine x2  
  193  10:18  Marauder x2  
  187  10:28  Ghost  
  185  10:30  Sensor Tower  
  185  10:35  Widow Mine x2  
  191  10:38  Liberator  
  193  10:47  Planetary Fortress, Command Center  
  193  10:50  Command Center  
  193  10:51  Siege Tank  
  178  11:05  Widow Mine, Siege Tank  
  178  11:06  Widow Mine  
  178  11:07  Marauder x2  
  178  11:09  SCV x2  
  141  11:11  SCV  
  142  11:20  Planetary Fortress  
  142  11:21  SCV x2  
  142  11:23  SCV  
  142  11:24  Marauder  
  142  11:25  Marauder  
  149  11:27  SCV  
  149  11:29  Widow Mine x2  
  149  11:32  Siege Tank  
  157  11:33  SCV x2  
  157  11:35  SCV  
  157  11:39  SCV  
  161  11:43  Marauder, Terran Infantry Weapons Level 3  
  161  11:44  Marauder  
  161  11:45  SCV  
  161  11:46  SCV  
  167  11:47  SCV  
  167  11:48  Refinery  
  167  11:53  Sensor Tower  
  168  11:54  SCV  
  168  11:55  Missile Turret  
  168  11:56  Widow Mine x2  
  168  11:57  Widow Mine  
  175  12:07  Siege Tank  
  139  12:10  Marauder x3  
  140  12:17  Command Center  
  140  12:18  Widow Mine, Siege Tank  
  145  12:23  Widow Mine  
  145  12:24  Marauder, Marine x4  
  145  12:26  SCV  
  145  12:28  Orbital Command  
  154  12:32  Terran Infantry Armor Level 3  
  154  12:37  Terran Vehicle Weapons Level 3  
  154  12:39  Marauder, Marine x2  
  154  12:42  Marauder  
  160  12:47  Missile Turret  
  160  12:49  Missile Turret  
  160  12:50  Siege Tank  
  163  12:52  Siege Tank  
  170  13:00  Widow Mine  
  170  13:02  Marauder  
  170  13:04  Widow Mine  
  170  13:05  Ghost x2  
  176  13:16  Ghost  
  164  13:28  Siege Tank x2  
  164  13:30  Orbital Command  
  170  13:35  Command Center  
  170  13:36  Widow Mine  
  170  13:37  Widow Mine  
  174  13:49  Ghost x3  
  174  13:53  SCV x2  
  182  14:03  Siege Tank  
  182  14:04  Siege Tank  
  182  14:05  Widow Mine x2  
  182  14:08  Refinery x2, Ghost  
  188  14:11  Planetary Fortress  
  188  14:16  Orbital Command  
  188  14:17  Ghost  
  188  14:18  Missile Turret  
  188  14:20  Marauder, Missile Turret  
  190  14:25  SCV  
  190  14:26  SCV  
  192  14:35  Widow Mine  
  192  14:36  Marauder, Widow Mine  
  192  14:38  Marauder  
  181  14:48  SCV  
  181  14:49  Siege Tank  
  181  14:50  Siege Tank  
  181  14:51  SCV  
  177  14:57  Liberator x2, Missile Turret  
  177  14:58  Widow Mine x2, Command Center  
  177  14:59  Sensor Tower  
  187  15:09  Ghost  
  187  15:10  Ghost x2  
  187  15:12  Marauder  
  185  15:15  Missile Turret  
  185  15:17  Marine x2  
  185  15:18  Marine  
  185  15:21  Marine x2  
  190  15:33  Marauder  
  192  15:38  Marauder, Siege Tank x2  
  192  15:46  Marine x7  
  192  15:47  Marine x2  
  192  15:49  Marine  
  173  15:50  Widow Mine x2  
  173  15:51  Medivac x2  
  173  15:54  Marine  
  182  16:00  Marauder  
  182  16:02  Command Center  
  182  16:04  Missile Turret, Marine x2  
  186  16:06  Marauder  
  186  16:07  Ghost  
  190  16:12  Terran Vehicle And Ship Armor Level 1  
  190  16:16  Marine x2  
  187  16:18  Personal Cloaking  
  187  16:19  Ghost  
  187  16:22  Planetary Fortress  
  187  16:24  Siege Tank  
  192  16:27  Widow Mine  
  192  16:29  Orbital Command  
  192  16:32  Ghost  
  196  16:36  Siege Tank  
  196  16:39  Marine  
  178  16:57  Marauder, Marine  
  178  16:59  Marauder x2  
  158  17:06  Marine x2  
  158  17:08  Widow Mine x2, Siege Tank  
  154  17:10  Marine x2  
  154  17:12  Siege Tank  
  154  17:13  Liberator  
  154  17:14  Liberator, Command Center  
  163  17:17  Marine x2  
  163  17:18  Marine  
  166  17:26  Marauder x2  
  166  17:27  Missile Turret, Sensor Tower  
  170  17:31  Widow Mine x2  
  170  17:32  Marine  
  175  17:43  Marine  
  165  17:46  Siege Tank x2  
  165  17:50  Marine  
  165  17:51  Marine  
  173  17:56  Widow Mine x2  
  177  17:59  Command Center  
  177  18:05  Missile Turret  
  177  18:08  Marauder x2  
  177  18:09  Marine x2  
  183  18:15  Marine  
  183  18:18  Marine  
  183  18:19  Marauder, Marine x2  
  171  18:22  Marine  
  143  18:30  Marine x2  
  143  18:31  Marauder  
  143  18:32  Siege Tank x2  
  143  18:33  Widow Mine  
  143  18:34  Widow Mine  
  147  18:44  Medivac x2  
  151  18:50  Marauder x2  
  151  18:53  Orbital Command  
  153  18:57  Orbital Command  
  140  19:03  Marine x2  
  132  19:10  Supply Depot x2  
  132  19:11  Supply Depot  
  129  19:24  Widow Mine, Marine  
  129  19:26  Widow Mine  
  129  19:27  Siege Tank  
  129  19:29  Marine x2  
  110  19:38  Marine  
  110  19:39  Marine  
Show
View Real Time Build Order
Export as new Build Order

DRG Zerg - Winner!

Build Orders: Hatch First, Lurkers 

Get SALT Encoding   

  12  0:00  Drone  
  13  0:12  Overlord  
  13  0:16  Drone  
  14  0:30  Drone x2  
  16  0:47  Hatchery  
  15  0:50  Drone  
  15  0:54  Drone  
  17  0:57  Drone  
  18  1:08  Extractor  
  17  1:12  Spawning Pool  
  17  1:15  Drone  
  17  1:19  Drone  
  18  1:28  Drone  
  19  1:38  Drone  
  20  1:49  Drone  
  21  1:59  Queen x2  
  21  2:00  Zergling x4  
  27  2:12  Drone, Overlord  
  28  2:19  Hatchery  
  28  2:22  Drone  
  28  2:31  Drone  
  28  2:32  Drone  
  28  2:33  Drone  
  31  2:38  Queen  
  33  2:45  Metabolic Boost  
  33  2:50  Overlord  
  33  2:52  Drone  
  33  2:54  Drone  
  33  2:56  Drone  
  36  3:03  Overlord  
  36  3:10  Drone x4  
  40  3:14  Queen  
  40  3:17  Drone  
  40  3:18  Drone  
  44  3:25  Drone  
  45  3:27  Queen  
  45  3:30  Drone  
  45  3:33  Queen  
  50  3:37  Overlord  
  50  3:41  Drone x2  
  52  3:44  Zergling x4  
  52  3:47  Overlord  
  54  3:50  Drone  
  54  3:54  Queen  
  57  3:56  Drone  
  57  3:57  Drone  
  57  4:01  Drone x3  
  62  4:06  Overlord  
  62  4:08  Drone x2  
  64  4:12  Queen  
  64  4:16  Overlord  
  66  4:18  Drone  
  66  4:21  Overlord  
  66  4:22  Drone  
  68  4:24  Overlord  
  68  4:28  Zergling x4  
  68  4:29  Drone  
  71  4:35  Drone, Spore Crawler  
  71  4:36  Spore Crawler  
  71  4:37  Zergling x6  
  73  4:42  Drone  
  73  4:45  Zergling x4  
  75  4:46  Drone x3  
  75  4:49  Lair  
  75  4:50  Extractor  
  77  4:53  Zergling x2  
  77  4:54  Baneling Nest  
  77  4:56  Queen  
  77  4:59  Zergling x2  
  80  5:01  Zergling x2  
  80  5:02  Drone  
  82  5:07  Zergling x6  
  82  5:11  Queen  
  87  5:14  Zergling x10  
  87  5:20  Zergling x2  
  85  5:24  Zergling x2  
  81  5:30  Drone  
  81  5:32  Drone, Queen  
  81  5:33  Drone  
  83  5:36  Drone x2  
  85  5:45  Drone x2  
  85  5:46  Evolution Chamber  
  85  5:47  Queen  
  85  5:48  Drone  
  85  5:49  Hatchery  
  88  5:51  Drone x2, Evolution Chamber  
  88  5:52  Extractor  
  88  5:53  Centrifugal Hooks, Extractor  
  87  5:57  Drone  
  87  6:01  Drone  
  87  6:02  Overlord  
  89  6:04  Drone  
  89  6:07  Overlord  
  89  6:10  Drone x2  
  92  6:12  Drone x2  
  92  6:13  Drone x2  
  92  6:17  Overlord  
  96  6:19  Zerg Ground Armor Level 1, Zerg Melee Weapons Level 1  
  96  6:20  Drone  
  96  6:21  Overlord  
  96  6:22  Drone  
  98  6:32  Drone x3  
  100  6:36  Drone x4  
  104  6:43  Zergling x2  
  104  6:44  Zergling x4  
  104  6:46  Drone x5  
  112  6:48  Hatchery  
  112  6:52  Zergling x4  
  113  6:57  Zergling x2  
  113  7:01  Overlord  
  114  7:02  Zergling x8  
  114  7:06  Spore Crawler  
  114  7:07  Baneling x10  
  114  7:08  Zergling x4  
  119  7:12  Zergling x8  
  123  7:15  Zergling x2  
  123  7:16  Zergling x6  
  123  7:20  Zergling x2  
  128  7:25  Drone x4  
  128  7:27  Extractor x2  
  130  7:32  Overlord x2  
  130  7:33  Drone  
  130  7:34  Drone x2  
  130  7:35  Hatchery  
  132  7:38  Drone x2  
  132  7:41  Zergling x6  
  132  7:44  Drone  
  138  7:45  Drone x5  
  138  7:48  Zergling x2  
  138  7:49  Overlord  
  144  7:53  Baneling x6  
  144  7:54  Zergling x2  
  144  8:01  Zergling x2  
  144  8:02  Zergling x6  
  144  8:05  Zergling x6  
  151  8:06  Overlord  
  151  8:11  Drone x8  
  157  8:18  Zerg Ground Armor Level 2, Zerg Melee Weapons Level 2  
  157  8:19  Infestation Pit, Hydralisk Den  
  155  8:20  Drone x6  
  155  8:23  Zergling x4  
  162  8:29  Zergling x10  
  162  8:30  Baneling x8  
  167  8:35  Zergling x4  
  167  8:38  Overlord x4  
  168  8:41  Zergling x2  
  168  8:42  Zergling x8, Spore Crawler  
  168  8:44  Hatchery  
  168  8:45  Overlord x3  
  171  8:49  Zergling x10  
  171  8:53  Zergling x2  
  171  8:54  Zergling x4  
  179  8:57  Hive  
  179  8:58  Grooved Spines  
  180  9:02  Drone  
  180  9:03  Drone x3, Extractor x2  
  180  9:05  Zergling x4  
  180  9:06  Zergling x6  
  180  9:08  Zergling x6  
  189  9:10  Pneumatized Carapace, Overseer  
  189  9:13  Zergling x8  
  193  9:17  Zergling x10  
  193  9:18  Zergling x2  
  199  9:33  Lurker Den  
  199  9:34  Zergling x2  
  199  9:37  Baneling  
  199  9:38  Baneling x25  
  199  9:42  Extractor  
  198  9:49  Zergling x12  
  199  9:52  Hatchery  
  199  9:53  Baneling x15  
  199  9:54  Baneling x4  
  194  10:09  Muscular Augments  
  194  10:11  Zergling x24  
  197  10:17  Zergling x6  
  194  10:22  Zergling x18  
  199  10:29  Adrenal Glands  
  199  10:31  Seismic Spines  
  199  10:33  Baneling x8  
  199  10:34  Zerg Missile Weapons Level 1  
  199  10:42  Zergling x4  
  199  10:49  Overseer  
  199  10:51  Hatchery  
  155  11:05  Zergling x50  
  155  11:07  Zergling x42  
  155  11:08  Zergling x8  
  176  11:12  Viper  
  176  11:16  Viper  
  182  11:18  Viper  
  182  11:21  Zerg Ground Armor Level 3  
  182  11:23  Baneling x12  
  182  11:24  Baneling  
  185  11:33  Hydralisk x6  
  185  11:35  Baneling  
  185  11:36  Baneling x2  
  185  11:38  Zergling x4  
  199  11:41  Baneling  
  199  11:42  Baneling x4  
  199  11:45  Baneling  
  199  11:46  Baneling  
  199  11:54  Baneling  
  199  11:55  Baneling x2  
  182  12:07  Zergling x2  
  182  12:08  Hydralisk x10, Zergling x24  
  155  12:10  Zergling x2  
  155  12:11  Zergling x8  
  155  12:15  Drone x4  
  173  12:19  Drone x5  
  180  12:26  Hydralisk x5  
  180  12:28  Baneling  
  180  12:29  Overseer, Baneling x2  
  190  12:31  Zergling x2  
  190  12:34  Zergling x6  
  190  12:35  Zergling x2  
  195  12:38  Zerg Missile Weapons Level 2  
  195  12:40  Zergling x8  
  198  12:45  Zergling x2  
  198  12:48  Baneling x7  
  198  12:49  Baneling x6  
  199  13:06  Burrow  
  199  13:17  Spore Crawler  
  198  13:26  Zergling x2  
  200  13:27  Zergling x18  
  200  13:45  Baneling  
  200  13:46  Baneling x17, Hatchery  
  200  13:47  Spore Crawler  
  198  13:55  Zergling x4  
  199  14:07  Zergling x18  
  199  14:08  Zergling x4  
  199  14:18  Zergling x2  
  198  14:33  Baneling x14  
  198  14:34  Zergling x12  
  173  14:46  Zergling x2  
  173  14:47  Zergling x36  
  173  14:50  Zergling x8  
  184  14:53  Overseer x4  
  184  14:57  Lurker x4  
  184  14:58  Adaptive Talons, Zerg Missile Weapons Level 3  
  184  14:59  Zergling x2  
  197  15:00  Zergling x22  
  197  15:02  Overseer  
  200  15:12  Baneling x6  
  199  15:25  Zergling x2  
  199  15:31  Zergling x8  
  191  15:36  Hydralisk x4  
  174  15:44  Hydralisk x7  
  174  15:46  Zergling x34  
  174  15:47  Hydralisk x6  
  174  15:49  Zergling x32  
  199  15:50  Overseer x2  
  199  15:51  Overseer  
  199  15:54  Zergling x6  
  200  15:58  Baneling x10  
  200  16:16  Zergling x4  
  200  16:18  Baneling x14  
  200  16:19  Baneling x5  
  200  16:20  Baneling x40  
  200  16:31  Zergling x2  
  200  16:32  Zergling x2  
  196  16:52  Zergling x34  
  196  16:53  Zergling x16  
  196  16:54  Zergling x24  
  197  16:55  Zergling x2  
  197  16:56  Hatchery  
  197  16:58  Zergling x8  
  185  17:02  Overlord x5  
  185  17:04  Overseer x3  
  185  17:05  Overseer x3  
  185  17:06  Overlord x4  
  164  17:09  Zergling x4  
  164  17:12  Overlord x3  
  158  17:16  Baneling x8  
  158  17:17  Baneling x7  
  158  17:23  Zergling x42, Spore Crawler  
  158  17:24  Hydralisk x11  
  200  17:31  Baneling x5  
  198  17:43  Zergling x24  
  180  17:45  Zergling x30  
  180  17:46  Zergling x4  
  191  17:52  Baneling x8  
  191  17:53  Zergling x10  
  194  17:59  Baneling x8  
  194  18:00  Zergling x8  
  198  18:08  Zergling x4  
  197  18:18  Zergling x34  
  198  18:22  Zergling x12  
  198  18:25  Zergling x8  
  176  18:45  Overseer x2  
  176  18:47  Baneling x5  
  171  18:48  Hatchery, Zergling x8  
  162  18:58  Zergling x20  
  151  19:15  Zergling x14  
  150  19:21  Zergling x8  
  150  19:22  Zergling x6  
  153  19:28  Zergling x2  
  153  19:29  Zergling x30  
  146  19:33  Zergling x18  
  146  19:38  Zergling x8  

Tags
 
Add a new tag
Caveats
  • Supply blocks, unpowered buildings, or Contaminate may cause inaccurate times.
  • Supply counts are checked every 10 seconds.